 Dungeon Crawl Stone Soup version 0.27.1-33-g824d729ab1 (webtiles) character file.

Game seed: 13117364275065416613

58 walnutcon the Bolt Thrower (level 4, -4/26 HPs)
             Began as a Kobold Hunter on Dec 20, 2021.
             Slain by a wyvern zombie (7 damage)
             ... on level 3 of the Dungeon.
             The game lasted 00:09:55 (1814 turns).

walnutcon the Bolt Thrower (Kobold Hunter)          Turns: 1814, Time: 00:09:56

Health: -4/26      AC:  4    Str:  9    XL:     4   Next: 21%
Magic:  4/4        EV: 14    Int: 12    God:
Gold:   129        SH:  0    Dex: 16    Spells: 3/3 levels left

rFire    . . .     SeeInvis .   i - +1 dagger (drain)
rCold    . . .     Faith    .   (shield restricted)
rNeg     . . .     Spirit   .   c - +1 leather armour
rPois    .         Reflect  .   (no helmet)
rElec    .         Harm     .   (no cloak)
rCorr    .         Rampage  .   (no gloves)
Will     .....                  (no boots)
Stlth    +++.......             (no amulet)
HPRegen  0.08/turn              (no ring)
MPRegen  0.09/turn              (no ring)

@: about to teleport
A: small, no large weapons, nightstalker 3
a: no special abilities


You were on level 3 of the Dungeon.
You visited 1 branch of the dungeon, and saw 3 of its levels.

You collected 129 gold pieces.

Inventory:

Hand Weapons
 a - a +1 hand crossbow
 b - a +0 short sword
 i - a +1 dagger of draining (weapon)
Missiles
 d - 15 bolts
 h - 40 arrows
Armour
 c - a +1 leather armour (worn)
Magical Staves
 o - a staff of earth
Jewellery
 n - a +6 ring of intelligence
Scrolls
 j - a scroll of blinking {unknown}
 l - a scroll of vulnerability {unknown}
 m - a scroll of identify
 r - a scroll of fog {unknown}
Potions
 e - 2 potions of mutation
 f - a potion of flight {unknown}
 g - a potion of degeneration {unknown}
 k - a potion of curing {unknown}


   Skills:
 - Level 2.1 Fighting
 * Level 6.6 Crossbows
 - Level 2.4 Dodging
 - Level 1.3 Stealth


You had 3 spell levels left.
You didn't know any spells.
Your spell library contained the following spells:

 Spells                   Type           Power      Damage    Failure   Level
 Ignite Poison            Fire/Tmut/Pois 0%         N/A       80%         3
 Mephitic Cloud           Conj/Pois/Air  0%         N/A       80%         3
 Bolt of Magma            Conj/Fire/Erth 0%         4d4       100%        5


Dungeon Overview and Level Annotations

Branches:
Dungeon (3/15)

Altars:
Dithmenos
Elyvilon
Wu Jian
Xom

Shops:
D:2 (=

Annotations:
D:2 Sigmund


Innate Abilities, Weirdness & Mutations

You are small and have problems with some larger weapons.
You are completely attuned to the shadows.


Message History

You now have 129 gold pieces (gained 15).
Found an escape hatch in the ceiling.
An endoplasm comes into view.
An endoplasm is nearby!
There is an escape hatch in the ceiling here.
The helpless endoplasm fails to defend itself.
You puncture the endoplasm!
You kill the endoplasm!
No target in view!
Found an escape hatch in the floor.
There is an escape hatch in the floor here.
Found a scroll labelled XOKOGI BOTUPSA.
Found a stone staircase leading down.
r - a scroll labelled XOKOGI BOTUPSA
There is a stone staircase leading down here.
You open the door.
There is an open door here.
Found a faded altar of an unknown god.
Found a ring mail.
Found a white marble altar of Elyvilon.
Found a shimmering altar of Xom.
You see here a +0 ring mail.
A wyvern zombie comes into view.
Found a shadowy altar of Dithmenos.
The wyvern zombie bites you!
Ouch! That really hurt!
You are too injured to fight recklessly!
As you read the scroll labelled QAEMOE SUC ZOR, it crumbles to dust.
It is a scroll of identify.
e - 2 potions of mutation The wyvern zombie bites you!
* * * LOW HITPOINT WARNING * * *
As you read the scroll labelled SILOREIREG, it crumbles to dust.
It is a scroll of enchant armour.
Your +0 leather armour glows green for a moment.
The wyvern zombie closely misses you.
As you read the scroll labelled XUIREO FALATOR, it crumbles to dust.
You feel strangely unstable.
It was a scroll of teleportation.
The wyvern zombie bites you!
You die...

.. #.# #.# ##.###.#
##..._#.#### ...
#_.Z..#..'.# #.#
#.@._#.##.# #.#
##.###.##.# #.#
#[###.#..# ##.# #.#
#..#..#.## ...####.#
#.###...##.# ......#.#
#.# ##.###.#
#####.#.#####.####_##..#
#...........#####.##
###>###.....##.#..#


You could see a wyvern zombie.

Vanquished Creatures
  An adder (D:2)
  A worm (D:2)
  2 dart slugs (D:1)
  5 endoplasms
  3 goblins
  3 hobgoblins
  3 kobolds
  3 quokkas (D:1)
  4 ball pythons (D:1)
  5 bats (D:1)
  2 frilled lizards
  11 rats
43 creatures vanquished.

Vanquished Creatures (others)
  A plant (D:2)
1 creature vanquished.

Grand Total: 44 creatures vanquished

Notes
Turn   | Place    | Note
-------+----------+-------------------------------------------
     0 | D:1      | walnutcon the Kobold Hunter began the quest for the Orb.
     0 | D:1      | Reached XP level 1. HP: 12/12 MP: 1/1
    56 | D:1      | Reached skill level 5 in Crossbows
   102 | D:1      | Reached XP level 2. HP: 17/17 MP: 2/2
   522 | D:1      | Reached XP level 3. HP: 18/19 MP: 3/3
   753 | D:1      | Reached skill level 6 in Crossbows
  1151 | D:2      | Found an ornate altar of the Wu Jian Council.
  1247 | D:2      | Found Voetogo's Antique Weapon Boutique.
  1254 | D:2      | Found Lyat's Jewellery Shoppe.
  1360 | D:2      | Noticed Sigmund
  1431 | D:2      | Reached XP level 4. HP: 26/26 MP: 4/4
  1804 | D:3      | Found a faded altar of an unknown god.
  1808 | D:3      | Found a white marble altar of Elyvilon.
  1809 | D:3      | Found a shimmering altar of Xom.
  1810 | D:3      | Found a shadowy altar of Dithmenos.
  1814 | D:3      | Slain by a wyvern zombie

Illustrated notes

Levels and vault maps discovered:
D:1:      elethiomel_arrival_infinity_welcomes_careful_drivers,
          layout_loops_ring, chequers_serial_rivers_room_a,
          minmay_rat_gold_closets
D:2:      layout_rooms, basic_altar, serial_curves, eino_curves_04,
          eino_curves_04, serial_shops, shop, nicolae_shop_overgrown_old_shop,
          uniq_sigmund
D:3:      layout_loops_ring, chequers_temple_overflow_minitemple,
          gammafunk_ghost_smash, minivault_23

Skill      XL: |  1  2  3 |
---------------+----------+-----
Crossbows      | 5 6 |  6.6
Fighting       | |  2.1
Dodging        | |  2.4
Stealth        | |  1.3

Action                   |  1- 3 |  4- 6 || total
-------------------------+-------+-------++-------
Melee: Short sword       |    31 |       ||    31
       Dagger            |    41 |     3 ||    44
 Fire: Hand crossbow     |    19 |     8 ||    27
  Use: Scroll            |       |     3 ||     3
 Stab: Sleeping          |    15 |     2 ||    17
Armor: Leather armour    |    17 |       ||    17
Dodge: Dodged            |    47 |     1 ||    48
